 Dungeon Crawl Stone Soup version 0.28-a0-425-gd0eccab798 (webtiles) character file.

Game seed: 3022153497847891565

28 Zenkrye the Skirmisher (level 2, -5/25 HPs)
             Began as a Palentonga Abyssal Knight on Sept 9, 2021.
             Was a Follower of Lugonu.
             Slain by a worm (9 damage)
             ... on level 2 of the Dungeon.
             The game lasted 00:02:31 (1005 turns).

Zenkrye the Skirmisher (Palentonga Abyssal Knight)  Turns: 1005, Time: 00:02:31

Health: -5/25      AC:  5    Str: 15    XL:     2   Next: 96%
Magic:  3/3        EV:  8    Int: 12    God:    Lugonu [*.....]
Gold:   31         SH:  0    Dex:  9    Spells: 1/1 levels left

rFire   . . .      SeeInvis +   a - +1 hand axe
rCold   . . .      Faith    .   (no shield)
rNeg    . . .      Spirit   .   e - +0 ring mail
rPois   .          Reflect  .   (no helmet)
rElec   .          Harm     .   (no cloak)
rCorr   .          Rampage  .   (no gloves)
Will    .....                   (no barding)
Stlth   ..........              (no amulet)
HPRegen 0.08/turn               (no ring)
MPRegen 0.08/turn               (no ring)

@: no status effects
A: large, rugged brown scales 3, see invisible, deformed body, roll 1, armoured
tail
a: Rolling Charge, Renounce Religion, Depart the Abyss


You were on level 2 of the Dungeon.
You worshipped Lugonu.
Lugonu was aware of your devotion.
You visited 1 branch of the dungeon, and saw 2 of its levels.
You visited the Abyss 1 time.

You collected 31 gold pieces.

Inventory:

Hand Weapons
 a - a +1 hand axe (weapon)
Missiles
 c - 2 silver javelins
 g - 34 bolts
 l - 6 datura-tipped darts
Armour
 b - a +0 leather armour
 e - a +0 ring mail (worn)
Scrolls
 d - 2 scrolls of torment {unknown}
 f - a scroll of teleportation {unknown}
 h - 2 scrolls of identify {unknown}
 k - a scroll of immolation {unknown}
Potions
 i - 2 potions of mutation {unknown}
 j - a potion of brilliance {unknown}


   Skills:
 - Level 3.0 Fighting
 * Level 3.0 Axes
 - Level 1.6 Armour
 - Level 0.8 Dodging
 + Level 2.6 Invocations


You had one spell level left.
You didn't know any spells.
Your spell library was empty.

Dungeon Overview and Level Annotations

Branches:
Dungeon (2/15)

Altars:

Shops:
D:2 [


Innate Abilities, Weirdness & Mutations

You are completely covered in rugged brown scales. (AC +3, +7% HP)
You have supernaturally acute eyesight. (SInv)
Armour fits poorly on your strangely shaped body.
You can roll at nearby foes to attack.
You have a long armoured tail.


Message History

a +0 club; a goblin corpse A worm comes into view.
The worm barely misses you.
You barely miss the worm. You hit the worm.
The worm is lightly wounded.
The worm bites you.
You hit the worm. You tail-slap the worm.
The worm is lightly wounded.
The worm barely misses you.
You hit the worm. You tail-slap the worm.
The worm is heavily wounded.
You hit the worm. You tail-slap the worm.
The worm is severely wounded.
The worm barely misses you.
You hit the worm.
The worm is severely wounded.
The worm bites you.
You hit the worm but do no damage.
The worm is severely wounded.
You hit the worm.
The worm is almost dead.
The worm bites you.
You hit the worm but do no damage.
The worm is severely wounded.
The worm bites you!
You are too injured to fight recklessly!
You are too injured to fight recklessly!
You are too injured to fight recklessly!
You are too injured to fight recklessly!
You barely miss the worm.
The worm is severely wounded.
The worm bites you!
* * * LOW HITPOINT WARNING * * *
You completely miss the worm.
The worm is severely wounded.
You hit the worm.
The worm is severely wounded.
The worm bites you!
You die...

#.##.#..#.#
#..#.###..#)# #.
#.#..###
#..#.......#. #.#...#
#..#.##......
.##..####..#.########
............#
#..#####.###
#..#####.# #........#
##@####### #w# #.#
#.# ..# ###


You could see a worm.

Vanquished Creatures
  A bat (D:1)
  3 endoplasms
  2 giant cockroaches (D:1)
  5 goblins
  2 hobgoblins (D:1)
  A quokka (D:1)
  4 ball pythons
  A frilled lizard (D:2)
  3 kobolds (D:1)
  3 rats (D:1)
25 creatures vanquished.

Notes
Turn   | Place    | Note
-------+----------+-------------------------------------------
     0 | Abyss:1  | Zenkrye the Palentonga Abyssal Knight began the quest for
                  | the Orb.
     0 | Abyss:1  | Reached XP level 1. HP: 19/19 MP: 2/2
    17 | Abyss:1  | Noticed a worldbinder
    18 | D:1      | Escaped the Abyss
    68 | D:1      | Found a faded altar of an unknown god.
    83 | D:1      | Reached * piety under Lugonu
   403 | D:1      | Reached XP level 2. HP: 24/25 MP: 3/3
   951 | D:2      | Found Uguttyet's Armour Shoppe.
  1005 | D:2      | Slain by a worm

Illustrated notes

Levels and vault maps discovered:
D:1:      roderic_dead_forest, layout_rooms, basic_ecumenical_altar
D:2:      wad_river_or_something, layout_loops_ring, serial_shops,
          nicolae_diamond_shop, minmay_tiny_reverse_x

Skill      XL: |  1  2 |
---------------+-------+-----
Axes           | 3 |  3.0
Fighting       | |  3.0
Armour         | |  1.6
Dodging        | |  0.8
Invocations    | |  2.6

Action                   || total
-------------------------++-------
Melee: Hand axe          ||    72
       Tailslap          ||     7
Invok: Depart the Abyss  ||     1
Armor: Ring mail         ||    24
Dodge: Dodged            ||    26

Table legend: (Time is in decaauts)
 A = Elapsed time spent in this place.
 B = Non-inter-level travel time spent in this place.
 C = Inter-level travel time spent in this place.
 D = Time resting spent in this place.
 E = Time spent auto-exploring this place.
 F = Levels seen in this place.
 G = Mean time per level.
                   A        B        C        D        E       F      G
               +--------+--------+--------+--------+--------+-----+--------+
         Total |   1017 |    989 |     28 |    245 |    540 |   3 |  339.0 |
       Dungeon |    999 |    971 |     28 |    245 |    526 |   2 |  499.5 |
         Abyss |     18 |     18 |      0 |      0 |     14 |   1 |   18.0 |
               +--------+--------+--------+--------+--------+-----+--------+

Top non-repeatable levels by time:
     D:1: 903 daAuts
     D:2: 95 daAuts
 Abyss:1: 18 daAuts
